cohdb
Replays
Latest Replays
All Replays
Popular Replays
Top Player Replays
Match Explorer
How It Works
Community
CoH3 Stats
Reddit
Sign in to upload your games and track your stats! →
Sign in with Steam
Match 31759008
Unlisted
Match 31759008
Overview
Messages
Build Orders
End
Construct Barracks
Selects Advanced Infantry Battlegroup
Riflemen Squad
Riflemen Squad
M1 Mortar Team
Construct Medical Station
Selects Convert to Ranger Squad
Convert to Ranger Squad
Grenade Package
Air Support Center
Selects Frontline Medical Station
Ranger Squad
Grasshopper Recon Run
P-47 Strafing Run
Convert to Ranger Squad
Selects Artillery Observers
Frontline Medical Station
Grasshopper Recon Run
Grasshopper Recon Run
Construct Tank Depot
Double Sortie
Air Supply
Selects Infantry Assault
Infantry Assault
P-47 Dive Bomb
AI Takeover
JaconiusTheElder
ramink021
BigSackEvans
gUi
[AVENGERS]FUnK YoU
[AVENGERS]KennyChief118
Jejje
Dodo
0
0
Comments
sign in to comment!
No comments posted yet!